cohdb
Replays
Latest Replays
All Replays
Popular Replays
Top Player Replays
Match Explorer
How It Works
Community
CoH3 Stats
Reddit
Sign in to upload your games and track your stats! →
Sign in with Steam
How to beat the USF_ISC using the DAK
Match 11279628
Overview
Messages
Build Orders
End
Construct Barracks
Scout Squad
Selects Airborne Battlegroup
Selects Pathfinders
1⁄4-ton 4x4 Truck
Riflemen Squad
Riflemen Squad
Infantry Support Center
M1918 Browning Automatic Rifles
Selects Paratrooper Squad Paradrop
Paratrooper Squad Paradrop
Construct Medical Station
Grenade Package
Selects Anti-tank Gun Team Paradrop
Anti-tank Gun Team Paradrop
Riflemen Squad
Selects Recon Loiter
Selects Supply Drop
Supply Drop
Recon Loiter
Anti-tank Gun Team Paradrop
Supply Drop
Selects Dual P-47 Rocket Strike
Recon Loiter
Survival Training
Advanced Logisitcs
Recon Loiter
Dual P-47 Rocket Strike
Anti-tank Gun Team Paradrop
Supply Drop
Construct Motor Pool
Dual P-47 Rocket Strike
M24 Chaffee Light Tank
Dual P-47 Rocket Strike
Construct Weapon Support Center
Riflemen Squad
Riflemen Squad
Dual P-47 Rocket Strike
Construct Tank Depot
M4A1 Sherman Medium Tank
AI Takeover
SuperKeitel
Herr Blautier
0
0
Comments
sign in to comment!
No comments posted yet!